 Dungeon Crawl Stone Soup version 0.29.1-15-g9cfb28693d (webtiles) character file.

Game seed: 6627585835487589794

321322 KyoPewz the Eclecticist (level 20, -5/131 HPs)
             Began as a Deep Elf Ice Elementalist on Mar 18, 2023.
             Was the Champion of Vehumet.
             Slain by a rockslime (33 damage)
             ... created by the Royal Jelly
             ... on level 5 of the Pits of Slime on Mar 20, 2023.
             The game lasted 07:08:31 (53439 turns).

KyoPewz the Eclecticist (DEIE)                     Turns: 53439, Time: 07:08:32

Health: -5/131     AC: 24    Str:  9    XL:     20   Next: 64%
Magic:  9/46       EV: 13    Int: 41    God:    Vehumet [******]
Gold:   2223       SH: 13    Dex: 14    Spells: 3/59 levels left

rFire   + + +      SeeInvis +   b - +10 flail "Sann" {vorpal, rF+ rN+++ Will- Stlth+}
rCold   + + +      Faith    .   Z - +2 shield of Resistance {rF++ rC++ Will++}
rNeg    + + +      Spirit   .   s - +5 ring mail "Sakh" {rCorr Str+3 Int-5 SInv}
rPois   .          Reflect  .   T - +2 helmet "Vuer" {Int+8}
rElec   .          Harm     .   v - +0 cloak "Poixtak" {rN+ Will+}
rCorr   +          Rampage  .   G - +2 pair of gloves
Will    ++++.      Rage     3%  f - +2 pair of boots
Stlth   ++........              H - amulet of regeneration
HPRegen 1.11/turn               y - +6 ring of intelligence
MPRegen 0.30/turn               N - ring of positive energy

@: about to teleport
A: berserk 1, clever 1, cold resistance 1
}: 2/15 runes: decaying, serpentine
a: Renounce Religion


You were on level 5 of the Pits of Slime.
You worshipped Vehumet.
Vehumet was exalted by your worship.
You visited 8 branches of the dungeon, and saw 37 of its levels.
You also visited: Ice Cave and Volcano.

You collected 4516 gold pieces.
You spent 2293 gold pieces at shops.

Inventory:

Hand Weapons
 b - the +10 flail "Sann" (weapon) {vorpal, rF+ rN+++ Will- Stlth+}
   (You found it on level 6 of the Dungeon)

   It inflicts extra damage upon your enemies.
   rF:        It protects you from fire.
   rN:        It renders you almost immune to negative energy.
   Will:      It decreases your willpower.
   Stlth:     It makes you more stealthy.
 c - the +9 dagger "Fuaxist" {vorpal, rElec rC++ rCorr Str-3}
   (You bought it in a shop on level 2 of the Orcish Mines)

   It inflicts extra damage upon your enemies.
   Str:       It affects your strength (-3).
   rC:        It greatly protects you from cold.
   rElec:     It insulates you from electricity.
   rCorr:     It protects you from acid and corrosion.
 d - the +7 morningstar "Monops" {vorpal, rPois Int+6 Dex+6}
   (You took it off a deep elf demonologist on level 3 of the Elven Halls)

   It inflicts extra damage upon your enemies.
   Int:       It affects your intelligence (+6).
   Dex:       It affects your dexterity (+6).
   rPois:     It protects you from poison.
Missiles
 m - 3 throwing nets
 K - 6 datura-tipped darts
Armour
 f - a +2 pair of boots (worn)
 s - the +5 ring mail "Sakh" (worn) {rCorr Str+3 Int-5 SInv}
   (You bought it in a shop on level 2 of the Snake Pit)

   Str:       It affects your strength (+3).
   Int:       It affects your intelligence (-5).
   SInv:      It lets you see invisible.
   rCorr:     It protects you from acid and corrosion.
 v - the +0 cloak "Poixtak" (worn) {rN+ Will+}
   (You found it on level 3 of the Dungeon)

   rN:        It protects you from negative energy.
   Will:      It increases your willpower.
 G - a +2 pair of gloves (worn)
 T - the +2 helmet "Vuer" (worn) {Int+8}
   (You acquired it on level 8 of the Dungeon)

   Int:       It affects your intelligence (+8).
 V - a +2 cloak of poison resistance
 Z - the +2 shield of Resistance (worn) {rF++ rC++ Will++}
   (You took it off a naga warrior on level 2 of the Snake Pit)

   rF:        It greatly protects you from fire.
   rC:        It greatly protects you from cold.
   Will:      It greatly increases your willpower.
Magical Staves
 a - a staff of cold
 X - a staff of fire
Jewellery
 r - the ring "Saitiack" {Will+ AC+4 Str-4 Int+4}
   (You took it off a deep elf demonologist on level 3 of the Elven Halls)

   [ring of protection]

   AC:        It affects your AC (+4).
   Str:       It affects your strength (-4).
   Int:       It affects your intelligence (+4).
   Will:      It increases your willpower.
 y - a +6 ring of intelligence (left hand)
 H - an amulet of regeneration (around neck)
 J - a ring of flight
 N - a ring of positive energy (right hand)
Wands
 A - a wand of roots (34)
 I - a wand of paralysis (45)
Scrolls
 e - 6 scrolls of summoning
 g - 4 scrolls of fear
 i - a scroll of enchant armour
 j - 2 scrolls of magic mapping
 k - 12 scrolls of poison
 t - 13 scrolls of teleportation
 w - 4 scrolls of immolation
 B - 6 scrolls of blinking
 L - 2 scrolls of amnesia
 M - 8 scrolls of silence
 S - 2 scrolls of fog
Potions
 h - 5 potions of haste
 l - 5 potions of heal wounds
 n - 7 potions of resistance
 o - 7 potions of mutation
 p - 3 potions of magic
 q - 18 potions of curing
 u - 6 potions of lignification
 E - 6 potions of attraction
 P - 10 potions of might
 Q - 2 potions of cancellation
 R - 3 potions of invisibility
 U - 5 potions of brilliance
Miscellaneous
 x - a lightning rod (4/4)
 C - a phial of floods
 O - a piece from Xom's chessboard (15/15)
 W - a condenser vane


   Skills:
 - Level 16.0 Fighting
 - Level 10.0 Armour
 - Level 11.6 Dodging
 - Level 2.4 Stealth
 - Level 10.0 Shields
 - Level 20.0 Spellcasting
 + Level 13.5 Conjurations
 - Level 4.0 Hexes
 - Level 4.0 Translocations
 - Level 4.0 Transmutations
 + Level 17.6 Fire Magic
 - Level 13.0 Ice Magic
 - Level 0.7 Air Magic
 - Level 4.0 Earth Magic
 - Level 0.8 Poison Magic


You had 3 spell levels left.
You knew the following spells:

 Your Spells              Type           Power      Damage    Failure   Level
a - Ozocubu's Refrigerat  Ice            49%        4d18      3%          7
b - Starburst             Conj/Fire      53%        6d14      1%          6
c - Ignition              Fire           55%        3d15      4%          8
d - Orb of Destruction    Conj           50%        9d13      2%          7
e - Iskenderun's Mystic   Conj/Tloc      85%        2d17      1%          4
f - Poisonous Vapours     Pois/Air       94%        N/A       1%          2
g - Flame Wave            Conj/Fire      100%       2d21      1%          4
h - Irradiate             Conj/Tmut      42%        3d25      1%          5
v - Yara's Violent Unrav  Hex/Tmut       32%        3d13      4%          5
x - Stone Arrow           Conj/Erth      100%       3d13      1%          3
A - Ozocubu's Armour      Ice            99%        N/A       1%          3
B - Blink                 Tloc           100%       N/A       1%          2

Your spell library contained the following spells:

 Spells                   Type           Power      Damage    Failure   Level
 Fire Storm               Conj/Fire      53%        8d13      73%         9
 Polar Vortex             Ice            49%        N/A       96%         9
 Freeze                   Ice            100%       1d11      0%          1
 Magic Dart               Conj           100%       1d8       0%          1
 Apportation              Tloc           100%       N/A       1%          1
 Beastly Appendage        Tmut           100%       N/A       1%          1
 Ensorcelled Hibernation  Hex/Ice        100%       N/A       1%          2
 Passwall                 Tmut/Erth      54%        N/A       1%          2
 Wereblood                Tmut           65%        N/A       1%          2
 Frozen Ramparts          Ice            100%       1d16      1%          3
 Mephitic Cloud           Conj/Pois/Air  70%        N/A       1%          3
 Teleport Other           Tloc           65%        N/A       1%          3
 Necrotise                Necr           100%       1d9       3%          1
 Spider Form              Tmut/Pois      57%        N/A       3%          3
 Call Imp                 Summ           41%        N/A       4%          2
 Swiftness                Air            47%        N/A       6%          3
 Vampiric Draining        Necr           41%        2d8       9%          3
 Fulminant Prism          Conj/Hex       42%        3d20      1%          4
 Hailstorm                Conj/Ice       99%        3d19      1%          4
 Ice Form                 Ice/Tmut       84%        N/A       1%          4
 Metabolic Englaciation   Hex/Ice        42%        N/A       2%          5
 Lee's Rapid Deconstruct  Erth           32%        3d18*     4%          5
 Olgreb's Toxic Radiance  Pois           47%        N/A       6%          4
 Manifold Assault         Tloc           65%        N/A       16%         5
 Summon Lightning Spire   Summ/Air       44%        N/A       26%         4
 Simulacrum               Ice/Necr       38%        N/A       30%         6
 Agony                    Necr           41%        N/A       63%         5
 Storm Form               Tmut/Air       28%        N/A       100%        7
 Maxwell's Capacitive Co  Air            23%        ∞         100%        8


Dungeon Overview and Level Annotations

Branches:
Dungeon (13/15)            Temple (1/1) D:7            Lair (5/5) D:10
  Swamp (4/4) Lair:3        Snake (4/4) Lair:3        Slime (5/5) Lair:5
    Orc (2/2) D:9             Elf (3/3) Orc:2        Vaults (0/5) D:13
  IceCv (visited)         Volcano (visited)

Altars:
Ashenzari
Cheibriados
Dithmenos
Elyvilon
Fedhas
Gozag
Hepliaklqana
Kikubaaqudgha
Okawaru
Qazlal
Ru
Sif Muna
Trog
Uskayaw
Vehumet
Wu Jian
Xom
Yredelemnul
Zin
The Shining One
Jiyva

Shops:
D:13 *   Orc:2 [(*:(   Elf:2 :   Snake:2 *([(

Annotations:
D:7 exclusions: centaur and hornet
D:13 3 runed translucent doors, EnergyMaker's ghost, journeyman DsBe
Lair:1 1 runed translucent door, exclusion: downstairs, aeroqp's ghost, journeyman NaTm
Lair:2 3 runed translucent doors, Xushrum's ghost, journeyman GrEE
Orc:2 exclusion: downstairs
Elf:1 6 runed translucent doors


Innate Abilities, Weirdness & Mutations

You sometimes lose your temper in combat.
Your mind is acute. (Int +4, Str/Dex -1)
Your flesh is cold resistant. (rC+)


Message History

The rockslime hits you.
You hold your ground!
You block the rockslime's attack. x2
The rockslime attacks as you move away! The rockslime hits you!
You take 8 damage, and have 88/131 hp.
The rockslime attacks as you move away! You block the rockslime's attack.
The rockslime attacks as you move away! You block the rockslime's attack.
The rockslime attacks as you move away! The rockslime barely misses you.
You block the rockslime's attack. The rockslime attacks as you move away!
The rockslime hits you! x2
You hold your ground!
The rockslime hits you.
You stumble backwards!
You take 21 damage, and have 69/131 hp.
The rockslime attacks as you move away! The rockslime closely misses you.
You regained 2 hp, and now have 72/131 hp.
The rockslime jiggles.
The rockslime attacks as you move away! You block the rockslime's attack.
The rockslime attacks as you move away! You block the rockslime's attack. x2
The rockslime attacks as you move away! The rockslime barely misses you.
You block the rockslime's attack. The rockslime attacks as you move away!
The rockslime hits you!!
The rockslime hits you but does no damage.
You take 20 damage, and have 59/131 hp.
The rockslime attacks as you move away!
The rockslime hits you but does no damage.
You regained 2 hp, and now have 61/131 hp.
The rockslime hits you!
You stumble backwards!
You take 15 damage, and have 48/131 hp.
You can't go up here!
As you read the scroll of teleportation, it crumbles to dust.
You feel strangely unstable.
The rockslime hits you but does no damage.
The rockslime hits you!
* * * LOW HITPOINT WARNING * * *
You stumble backwards!
You take 15 damage, and have 33/131 hp.
The rockslime closely misses you. The rockslime attacks as you move away!
The rockslime hits you but does no damage. x3
The rockslime attacks as you move away! The rockslime hits you!
* * * LOW HITPOINT WARNING * * *
The rockslime hits you!!
You die...

#......................###.#.#..
######..........................
#............................
##.#.........................
##..........................
####.......................
####..<.................
#..J.................
#..J@................
#..J.................
###..................
##.................
##................
#..#...#..#......
###########.##... ######. ##


You could see 3 rockslimes.

Vanquished Creatures
  the Royal Jelly (Slime:5)
  Saint Roka (Elf:3)
  Vashnia (Snake:4)
  Nikola (Snake:1)
  Jorgrun (Swamp:3)
  Rupert (D:12)
  Mlioglotl (Snake:1)
  22 acid blobs
  3 deep elf blademasters
  Asterion (Snake:1)
  A deep elf master archer (Elf:3)
  Frances (Snake:1)
  Kirke (Snake:3)
  5 rockslimes
  11 azure jellies
  2 fenstrider witches
  6 nagarajas (Snake:4)
  5 deep elf sorcerers (Elf:3)
  2 frost giants (IceCv)
  An orc warlord (Orc:2)
  Aizul (Swamp:1)
  4 deep elf elementalists (Elf:3)
  10 quicksilver oozes
  Nessos (D:13)
  3 eleionomae
  6 deep elf demonologists
  6 deep elf annihilators (Elf:3)
  3 bunyips
  A white draconian (IceCv)
  5 deep elf death magi
  3 shambling mangroves
  8 deep elf high priests
  3 great orbs of eyes
  3 fire dragons (Swamp:4)
  An ice dragon (IceCv)
  19 hydras
  A boulder beetle (D:11)
  2 spriggan air magi
  4 two-headed ogres
  2 ironbound frosthearts (IceCv)
  2 salamander tyrants
  A merfolk avatar (Lair:5)
  4 alligators
  A centaur warrior (D:13)
  30 dancing weapons
  11 anacondas
  A tengu warrior (D:12)
  17 naga warriors
  6 death yaks (Lair:5)
  Urug (D:13)
  2 spriggan berserkers (Swamp:3)
  2 orc high priests
  16 naga sharpshooters
  25 deep elf knights
  7 shock serpents
  3 salamander mystics (Snake:4)
  5 goliath frogs
  5 spriggan druids
  8 naga ritualists
  9 lindwurms
  7 swamp dragons
  An orange crystal statue (IceCv)
  17 deep elf archers
  29 deep elf pyromancers
  2 bog bodies (Swamp:2)
  13 mana vipers
  A harpy (Lair:5)
  34 deep elf zephyrmancers
  7 orc sorcerers
  4 shining eyes
  3 orc knights (Orc:2)
  10 ugly things (IceCv)
  3 cyclopes
  3 will-o-the-wisps
  A manticore (Lair:5)
  22 elephants
  12 salamanders
  3 eyes of devastation (Slime:5)
  17 naga magi
  8 guardian serpents
  26 black mambas
  An ice statue (Swamp:4)
  4 molten gargoyles (Volcano)
  9 cane toads
  A torpor snail (Lair:5)
  26 rime drakes
  2 kobold demonologists
  12 komodo dragons
  A tengu conjurer (D:12)
  3 efreet (Volcano)
  8 trolls
  15 polar bears
  4 tyrant leeches
  22 blink frogs
  2 bloated husks
  2 wind drakes (Lair:5)
  94 slime creatures
  16 hornets
  20 spriggans
  A shadow (D:9)
  A culicivora (shapeshifter) (D:13)
  2 wraiths
  4 water elementals
  4 hogs (Snake:3)
  49 yaks
  2 basilisks (D:10)
  15 humans (D:13)
  7 wyverns
  6 fire elementals
  12 golden eyes
  9 steam dragons
  13 vampire mosquitoes
  20 swamp worms
  59 nagas
  3 acid dragons
  12 water moccasins
  3 floating eyes
  32 orc warriors
  A sky beast (D:8)
  10 swamp drakes
  4 black bears
  17 wolves
  8 ogres
  9 centaurs
  3 phantoms
  2 kobold brigands
  Blork the orc (D:5)
  2 scorpions
  5 earth elementals
  12 bullfrogs
  A gnoll sergeant (Orc:1)
  A necrophage (D:6)
  A troll zombie (D:9)
  2 electric eels (Lair:3)
  5 howler monkeys (D:10)
  A lava snake (Swamp:4)
  18 orc priests
  2 gnoll boudas
  A hound (D:5)
  A bullfrog skeleton (D:4)
  An iron imp (D:7)
  Terence (D:2)
  6 iguanas
  29 orc wizards
  5 ogre zombies (D:9)
  2 hound zombies (D:4)
  Robin (D:3)
  5 adders
  11 gnolls
  A shadow imp (D:6)
  2 white imps
  An ufetubus (D:6)
  2 adder zombies (D:4)
  3 worms
  2 dart slugs
  96 orcs
  4 endoplasms
  13 goblins
  10 hobgoblins
  2 jackals (D:3)
  7 quokkas
  3 ball pythons
  4 bats
  3 frilled lizards
  2 goblin zombies (D:9)
  3 hobgoblin skeletons (D:9)
  4 hobgoblin zombies (D:9)
  7 kobolds
  An orc skeleton (D:9)
  9 orc zombies (D:9)
  7 rats
  2 bushes (Lair:5)
  4 fire vortices (Volcano)
1389 creatures vanquished.

Vanquished Creatures (others)
  A swamp dragon (Swamp:4)
  A lindwurm (Swamp:4)
  A steam dragon (Swamp:4)
  2 swamp drakes (Swamp:4)
  An orc wizard (Elf:1)
  An orc (Elf:1)
  2 foxfires (Swamp:1)
  58 fungi
  65 plants
132 creatures vanquished.

Grand Total: 1521 creatures vanquished

Notes
Turn   | Place    | Note
-------+----------+-------------------------------------------
     0 | D:1      | KyoPewz the Deep Elf Ice Elementalist began the quest for
                  | the Orb.
     0 | D:1      | Reached XP level 1. HP: 10/10 MP: 6/6
   108 | D:1      | Found a faded altar of an unknown god.
   339 | D:1      | Reached XP level 2. HP: 15/15 MP: 3/8
  1214 | D:2      | Noticed Terence
  1459 | D:2      | Reached skill level 4 in Spellcasting
  1459 | D:2      | Reached skill level 5 in Ice Magic
  1459 | D:2      | Reached XP level 3. HP: 19/19 MP: 5/10
  1463 | D:2      | Learned a level 3 spell: Frozen Ramparts
  1467 | D:2      | Learned a level 3 spell: Ozocubu's Armour
  2055 | D:2      | Killed Terence
  2056 | D:2      | Reached XP level 4. HP: 9/24 MP: 2/12
  2613 | D:3      | Reached skill level 5 in Spellcasting
  2695 | D:3      | Learned a level 4 spell: Hailstorm
  2703 | D:3      | Identified the +0 cloak "Poixtak" {rN+ Will+}
  2877 | D:3      | Noticed Robin
  2887 | D:3      | Killed Robin
  2896 | D:3      | Reached skill level 1 in Conjurations
  2936 | D:3      | Reached XP level 5. HP: 28/28 MP: 12/14
  2985 | D:3      | Found a blossoming altar of Fedhas.
  3536 | D:4      | Noticed a phantom
  3757 | D:4      | Reached XP level 6. HP: 29/32 MP: 12/15
  3972 | D:5      | Entered Level 5 of the Dungeon
  4068 | D:4      | Gained mutation: Your skin changes colour to match your
                  | surroundings (Stealth+). [potion of mutation]
  4068 | D:4      | Gained mutation: You are robust. (+10% HP) [potion of
                  | mutation]
  4068 | D:4      | Gained mutation: You possess an exceptional clarity of
                  | mind. [potion of mutation]
  4581 | D:4      | Found a stormy altar of Qazlal.
  4740 | D:5      | Found a bloodstained altar of Trog.
  4937 | D:5      | Reached XP level 7. HP: 39/39 MP: 12/16
  5143 | D:5      | Reached skill level 5 in Conjurations
  5425 | D:5      | Found a glowing silver altar of Zin.
  5425 | D:5      | Noticed an angel
  5425 | D:5      | Noticed Blork the orc
  5433 | D:5      | Killed Blork the orc
  5818 | D:6      | Identified the +10 flail "Sann" {vorpal, rF+ rN+++ Will-
                  | Stlth+}
  6066 | D:6      | Identified the +7 chain mail "Wunwig" {Rampage rElec rC-
                  | rN++}
  6397 | D:6      | Reached XP level 8. HP: 45/45 MP: 12/17
  6907 | D:6      | Reached skill level 10 in Ice Magic
  7524 | D:7      | Found a staircase to the Ecumenical Temple.
  7532 | Temple   | Entered the Ecumenical Temple
  7550 | Temple   | Became a worshipper of Vehumet
  7805 | D:7      | Noticed a hornet
  7840 | D:7      | Found a snail-covered altar of Cheibriados.
  8029 | D:7      | Reached XP level 9. HP: 44/49 MP: 11/18
  8544 | D:8      | Identified 3 scrolls of acquirement
  8545 | D:8      | Acquired the Papyrus of the Dusty Jaunt
  8551 | D:8      | Learned a level 3 spell: Stone Arrow
  8554 | D:8      | Learned a level 2 spell: Blink
  8733 | D:8      | Reached skill level 1 in Earth Magic
  8738 | D:8      | Reached skill level 1 in Translocations
  8774 | D:8      | Reached * piety under Vehumet
  8774 | D:8      | Offered knowledge of Shock by Vehumet.
  9447 | D:9      | Found a sacrificial altar of Ru.
  9573 | D:9      | Reached skill level 6 in Spellcasting
  9637 | D:9      | Found a staircase to the Orcish Mines.
  9784 | D:9      | Reached skill level 7 in Spellcasting
  9797 | D:9      | Learned a level 4 spell: Iskenderun's Mystic Blast
  9814 | D:9      | Offered knowledge of Poisonous Vapours by Vehumet.
  9818 | D:9      | Learned a level 2 spell: Poisonous Vapours
  9834 | D:9      | Reached ** piety under Vehumet
  9835 | D:9      | Reached skill level 1 in Fighting
 10122 | D:9      | Reached skill level 8 in Spellcasting
 10122 | D:9      | Reached XP level 10. HP: 45/58 MP: 14/24
 10715 | D:10     | Entered Level 10 of the Dungeon
 10881 | D:10     | Found a basalt altar of Yredelemnul.
 10990 | D:10     | Offered knowledge of Conjure Flame by Vehumet.
 10993 | D:10     | Reached skill level 9 in Spellcasting
 11167 | D:10     | Found a staircase to the Lair.
 11181 | D:10     | Reached skill level 10 in Spellcasting
 11187 | D:10     | Reached *** piety under Vehumet
 11437 | D:10     | Found a white marble altar of Elyvilon.
 11483 | D:10     | Found Jearphyhimn's Magic Scroll Shoppe.
 11488 | D:10     | Bought a scroll of fear for 52 gold pieces
 11488 | D:10     | Bought a scroll of identify for 26 gold pieces
 11488 | D:10     | Bought a scroll of identify for 26 gold pieces
 11488 | D:10     | Bought a scroll of teleportation for 39 gold pieces
 11488 | D:10     | Bought a scroll of blinking for 97 gold pieces
 11488 | D:10     | Bought a scroll of summoning for 123 gold pieces
 11488 | D:10     | Bought a scroll of torment for 123 gold pieces
 11561 | D:10     | Noticed a two-headed ogre
 11567 | D:10     | Killed a two-headed ogre
 11568 | D:10     | Reached skill level 5 in Fighting
 11668 | D:10     | Identified the +5 ring mail of Salvation {Contam rC++ Str+2
                  | Int+4}
 11965 | D:11     | Reached skill level 11 in Spellcasting
 11987 | D:11     | Noticed a boulder beetle
 11988 | D:11     | Noticed a two-headed ogre
 12409 | D:11     | Noticed a cyclops
 12725 | Lair:1   | Entered Level 1 of the Lair of Beasts
 12762 | Lair:1   | Reached XP level 11. HP: 63/70 MP: 9/28
 13007 | Lair:2   | Offered knowledge of Flame Wave by Vehumet.
 13171 | Lair:2   | Learned a level 4 spell: Flame Wave
 13177 | Lair:2   | Noticed an ice dragon
 13179 | Lair:2   | Noticed Xushrum's ghost (journeyman GrEE)
 13439 | Lair:1   | Reached skill level 5 in Dodging
 13667 | Lair:2   | Reached **** piety under Vehumet
 13675 | Lair:2   | Noticed a five-headed hydra
 13850 | Lair:1   | Offered knowledge of Irradiate by Vehumet.
 13879 | Lair:1   | Noticed a six-headed hydra
 14158 | Lair:2   | Found a runed translucent gate.
 14158 | Lair:2   | Found a runed translucent gate.
 14158 | Lair:2   | Found a runed translucent gate.
 14161 | Lair:1   | Found a runed translucent door.
 14166 | Lair:1   | Found a shimmering altar of Xom.
 14166 | Lair:1   | Noticed aeroqp's ghost (journeyman NaTm)
 14166 | Lair:1   | Noticed a +1 trident of chaos
 14204 | Lair:1   | Killed a six-headed hydra
 14736 | Lair:2   | Killed a five-headed hydra
 14740 | Lair:2   | Reached skill level 1 in Armour
 15014 | Lair:2   | Noticed a six-headed hydra
 15018 | Lair:2   | Killed a six-headed hydra
 15019 | Lair:2   | Reached XP level 12. HP: 83/83 MP: 24/29
 16195 | Lair:3   | Reached skill level 10 in Fighting
 16234 | Lair:3   | Found a dark tunnel.
 16356 | Volcano  | Entered a volcano
 17358 | Volcano  | Learned a level 5 spell: Irradiate
 17787 | Lair:3   | Found a staircase to the Snake Pit.
 17841 | Lair:3   | Noticed a four-headed hydra
 17845 | Lair:3   | Killed a four-headed hydra
 17846 | Lair:3   | Reached skill level 1 in Transmutations
 17874 | Lair:3   | Found a staircase to the Swamp.
 18432 | Lair:3   | Reached XP level 13. HP: 92/92 MP: 16/30
 18473 | Lair:3   | You fall into a shaft and drop 2 floors!
 18473 | Lair:5   | Entered Level 5 of the Lair of Beasts
 18545 | Lair:5   | Reached ***** piety under Vehumet
 18547 | Lair:5   | Offered knowledge of Airstrike by Vehumet.
 18556 | Lair:5   | Reached skill level 10 in Dodging
 18570 | Lair:5   | Reached skill level 5 in Armour
 18893 | Lair:5   | Identified the +0 ring mail "Varhaog" {rPois Will+ Slay+2}
 19081 | Lair:5   | Found a staircase to the Slime Pits.
 19838 | Lair:4   | Reached XP level 14. HP: 56/101 MP: 5/31
 19906 | Lair:5   | Offered knowledge of Ozocubu's Refrigeration by Vehumet.
 20093 | Lair:4   | Reached skill level 12 in Spellcasting
 20191 | Lair:4   | Learned a level 7 spell: Ozocubu's Refrigeration
 21659 | D:11     | You fall into a shaft and drop 2 floors!
 21673 | D:13     | Found a runed translucent gate.
 21674 | D:13     | Found a runed translucent gate.
 21674 | D:13     | Found a runed translucent gate.
 21678 | D:13     | Noticed EnergyMaker's ghost (journeyman DsBe)
 21839 | D:13     | Found Suzedwyd's Overcharged Wands.
 21964 | D:12     | Reached skill level 13 in Spellcasting
 22655 | D:12     | Noticed Rupert
 22672 | D:12     | Killed Rupert
 23089 | D:13     | Noticed Urug
 23091 | D:13     | Noticed Nessos
 23098 | D:13     | Reached skill level 14 in Spellcasting
 23098 | D:13     | Killed Nessos
 23101 | D:13     | Found a gate to the Vaults.
 23422 | D:13     | Killed Urug
 23931 | Orc:1    | Entered Level 1 of the Orcish Mines
 24264 | Orc:2    | Entered Level 2 of the Orcish Mines
 24440 | Orc:2    | Found Paolublo's Antique Weapon Emporium.
 24532 | Orc:2    | Found a staircase to the Elven Halls.
 24534 | Orc:2    | Noticed an orc warlord
 24536 | Orc:2    | Reached skill level 15 in Spellcasting
 24537 | Orc:2    | Offered knowledge of Yara's Violent Unravelling by Vehumet.
 24556 | Orc:2    | Killed an orc warlord
 24910 | Orc:2    | Reached XP level 15. HP: 110/110 MP: 3/36
 25143 | Orc:2    | Found Wadawont's General Store.
 25153 | Orc:2    | Found Nuwaecum's Book Boutique.
 25169 | Orc:2    | Found Juynih's Antique Weapon Boutique.
 25200 | Orc:2    | Found Lititw Rewki's Antique Armour Boutique.
 25207 | Orc:2    | Bought a polished leather armour for 259 gold pieces
 25207 | Orc:2    | Identified the +1 leather armour "Tunoe" {Str+5 Slay-2}
                  | (You bought it in a shop on level 2 of the Orcish Mines)
 25207 | Orc:2    | Bought a runed scarf for 296 gold pieces
 25211 | Orc:2    | Bought a jewelled scale mail for 333 gold pieces
 25211 | Orc:2    | Identified the +2 scale mail "Roibrios" {rElec rC+ Int-4}
                  | (You bought it in a shop on level 2 of the Orcish Mines)
 25243 | Orc:2    | Acquired the +2 helmet "Vuer" {Int+8}
 25244 | Orc:2    | Acquired the +7 kite shield "Gusilin" {rElec rCorr MP-9
                  | Int+5}
 25347 | Orc:1    | Learned a level 5 spell: Yara's Violent Unravelling
 25469 | Orc:2    | Bought a +2 cloak of poison resistance for 259 gold pieces
 25707 | Snake:1  | Entered Level 1 of the Snake Pit
 25711 | Snake:1  | Reached skill level 1 in Shields
 25711 | Snake:1  | Reached skill level 1 in Hexes
 26002 | Snake:1  | Noticed Frances
 26007 | Snake:1  | Noticed Nikola
 26008 | Snake:1  | Killed Frances
 26152 | Snake:1  | Killed Nikola
 26397 | Snake:1  | Noticed Mlioglotl
 26427 | Snake:1  | Killed Mlioglotl
 26543 | Snake:1  | Reached skill level 16 in Spellcasting
 26864 | Snake:1  | Noticed Asterion
 27108 | Snake:2  | Offered knowledge of Orb of Destruction by Vehumet.
 27570 | Snake:2  | Found Quppe's Antique Weapon Boutique.
 27570 | Snake:2  | Found Jouzo's Assorted Antiques.
 27573 | Snake:2  | Found Nuolyimo's Antique Armour Boutique.
 27577 | Snake:2  | Found Yxzob Boopp's Weapon Shop.
 27586 | Snake:2  | Bought a scroll labelled ENUDOH YTTIA for 23 gold pieces
 27586 | Snake:2  | Bought a potion of curing for 69 gold pieces
 28341 | Snake:2  | Reached skill level 5 in Shields
 28407 | Snake:2  | Bought a fading ring mail for 288 gold pieces
 28407 | Snake:2  | Identified the +5 ring mail "Sakh" {rCorr Str+3 Int-5 SInv}
                  | (You bought it in a shop on level 2 of the Snake Pit)
 28680 | Snake:3  | Reached skill level 17 in Spellcasting
 29303 | Snake:3  | Reached XP level 16. HP: 116/116 MP: 23/39
 29311 | Snake:3  | Learned a level 7 spell: Orb of Destruction
 29484 | Snake:3  | Noticed Kirke
 29488 | Snake:3  | Killed Kirke
 29572 | Snake:3  | Reached ****** piety under Vehumet
 29702 | Snake:3  | Offered knowledge of Eringya's Noxious Bog by Vehumet.
 30327 | Snake:4  | Entered Level 4 of the Snake Pit
 30388 | Snake:4  | Reached skill level 18 in Spellcasting
 31708 | Snake:4  | Reached skill level 10 in Conjurations
 32334 | Snake:4  | Noticed Vashnia
 32335 | Snake:4  | Offered knowledge of Iskenderun's Battlesphere by Vehumet.
 32340 | Snake:4  | Killed Vashnia
 32342 | Snake:4  | Reached XP level 17. HP: 122/122 MP: 5/41
 32505 | Snake:4  | Got a serpentine rune of Zot
 32975 | Snake:1  | Killed Asterion
 33118 | Lair:3   | Gained mutation: You have hidden genetic defects.
                  | [mutagenic glow]
 33142 | Swamp:1  | Entered Level 1 of the Swamp
 33196 | Swamp:1  | Noticed Aizul
 33201 | Swamp:1  | Killed Aizul
 34683 | Swamp:3  | Lost mutation: You are robust. (+10% HP) [hidden defects]
 34710 | Swamp:3  | Lost mutation: You have hidden genetic defects. [potion of
                  | mutation]
 34710 | Swamp:3  | Lost mutation: Your skin changes colour to match your
                  | surroundings (Stealth+). [potion of mutation]
 34710 | Swamp:3  | Lost mutation: You possess an exceptional clarity of mind.
                  | [potion of mutation]
 34710 | Swamp:3  | Gained mutation: Armour fits poorly on your strangely
                  | shaped body. [potion of mutation]
 34710 | Swamp:3  | Gained mutation: Your muscles are strong. (Str +4, Int/Dex
                  | -1) [potion of mutation]
 34711 | Swamp:3  | Lost mutation: Armour fits poorly on your strangely shaped
                  | body. [potion of mutation]
 34711 | Swamp:3  | Lost mutation: Your muscles are strong. (Str +4, Int/Dex
                  | -1) [potion of mutation]
 34711 | Swamp:3  | Gained mutation: Your mind is acute. (Int +4, Str/Dex -1)
                  | [potion of mutation]
 34711 | Swamp:3  | Gained mutation: You sometimes lose your temper in combat.
                  | [potion of mutation]
 34711 | Swamp:3  | Gained mutation: Your flesh is cold resistant. (rC+)
                  | [potion of mutation]
 34983 | Swamp:3  | Reached skill level 10 in Shields
 35061 | Swamp:3  | Noticed Jorgrun
 35076 | Swamp:3  | Killed Jorgrun
 35385 | Swamp:3  | Offered knowledge of Starburst by Vehumet.
 35394 | Swamp:3  | Learned a level 6 spell: Starburst
 35910 | Swamp:4  | Entered Level 4 of the Swamp
 35955 | Swamp:4  | Found a frozen archway.
 35989 | IceCv    | Entered an ice cave
 36148 | IceCv    | Reached skill level 1 in Fire Magic
 36155 | IceCv    | Reached skill level 15 in Fighting
 37122 | Swamp:4  | Reached XP level 18. HP: 67/119 MP: 15/42
 37452 | Swamp:4  | Reached skill level 5 in Fire Magic
 37466 | Swamp:4  | Offered knowledge of Fire Storm by Vehumet.
 37466 | Swamp:4  | Offered knowledge of Polar Vortex by Vehumet.
 37466 | Swamp:4  | Offered knowledge of Ignition by Vehumet.
 38092 | Swamp:4  | Got a decaying rune of Zot
 38616 | Orc:2    | Bought a pitted dagger for 280 gold pieces
 38616 | Orc:2    | Identified the +9 dagger "Fuaxist" {vorpal, rElec rC++
                  | rCorr Str-3} (You bought it in a shop on level 2 of the
                  | Orcish Mines)
 38646 | Elf:1    | Entered Level 1 of the Elven Halls
 39360 | Elf:1    | Saving game... please wait.
 39814 | Elf:1    | Reached skill level 10 in Armour
 39818 | Elf:1    | Noticed an Ice Fiend
 39820 | Elf:1    | Found a runed translucent gate.
 39820 | Elf:1    | Found a runed translucent gate.
 39820 | Elf:1    | Found a runed translucent gate.
 39820 | Elf:1    | Found a runed translucent gate.
 39820 | Elf:1    | Found a runed translucent gate.
 39820 | Elf:1    | Found a runed translucent gate.
 39823 | Elf:1    | Noticed a Brimstone Fiend
 39832 | Elf:1    | Reached skill level 19 in Spellcasting
 40418 | Elf:1    | Found a shimmering blue altar of Sif Muna.
 41831 | Elf:1    | Reached skill level 20 in Spellcasting
 42108 | Elf:2    | Identified the +0 robe of Fuutiquf {+Blink Str+5 Slay-4}
 42293 | Elf:2    | Found Vezyrch's Book Shoppe.
 42304 | Elf:2    | Found a runed translucent gate.
 42304 | Elf:2    | Found a runed translucent gate.
 42304 | Elf:2    | Found a runed translucent gate.
 42379 | Elf:2    | Found a hide-covered altar of Uskayaw.
 42385 | Elf:2    | Reached skill level 10 in Fire Magic
 42809 | Elf:3    | Entered Level 3 of the Elven Halls
 42821 | Elf:3    | Reached XP level 19. HP: 124/124 MP: 36/45
 43706 | Elf:3    | Noticed Saint Roka
 43720 | Elf:3    | Killed Saint Roka
 45201 | Elf:3    | Identified the +7 morningstar "Monops" {vorpal, rPois Int+6
                  | Dex+6}
 45201 | Elf:3    | Identified the +2 leather armour of the Stars {rC- Will++
                  | Dex+4 SInv}
 45201 | Elf:3    | Identified the ring "Saitiack" {Will+ AC+4 Str-4 Int+4}
 46532 | Elf:2    | Learned a level 8 spell: Ignition
 47028 | Lair:5   | Identified the +2 leather armour "Unwomm" {rCorr}
 47546 | Slime:1  | Entered Level 1 of the Pits of Slime
 48356 | Slime:2  | Reached skill level 15 in Fire Magic
 48593 | Slime:2  | Reached XP level 20. HP: 127/131 MP: 26/46
 51168 | Slime:3  | You fall into a shaft and drop 1 floor!
 51492 | Slime:5  | Entered Level 5 of the Pits of Slime
 53332 | Slime:5  | Found a viscous altar of Jiyva.
 53384 | Slime:5  | Noticed the Royal Jelly
 53395 | Slime:5  | Killed the Royal Jelly
 53400 | Slime:5  | Found the +5 lochaber axe {reach-cleave, poleaxe}
 53439 | Slime:5  | Slain by a rockslime

Illustrated notes

Levels and vault maps discovered:
D:1:      dpeg_arrival_simpleton_c, layout_loops_ring,
          ebering_ecumenical_altar_abandoned, chequers_serial_rivers_micro_b,
          nicolae_eternal_life
D:2:      layout_loops_corners, serial_rivers, chequers_serial_rivers_room_b,
          chequers_serial_rivers_small_3, chequers_serial_rivers_micro_e,
          chequers_serial_rivers_micro_a, chequers_serial_rivers_marsh,
          chequers_serial_rivers_marsh, kennysheep_nub, minmay_misc_feat_five,
          uniq_terence
D:3:      layout_basic, mainiacjoe_overflow_24_doors,
          nicolae_overflow_hidden_temple, uniq_robin
D:4:      layout_gridville, kennysheep_mini_moat, serial_undead,
          serial_undead_c, serial_undead_c, serial_undead_b, serial_undead_d
D:5:      layout_loops_ring, mainiacjoe_overflow_alcove_4, zin_angel,
          uniq_blork_the_orc
D:6:      minmay_inner_zag, layout_gridville
D:7:      layout_loops_ring, slow_altar_1, minmay_temple_entry_mist
D:8:      layout_basic, ldierk_geyser
D:9:      layout_small_grid, mainiacjoe_overflow_brackets, zombieorc1_lemuel,
          minivault_25_ag
D:10:     layout_irregular_city, general_overflow_altar,
          mainiacjoe_overflow_small_starburst, erik_lair_dragon, serial_shops,
          shop, solitary_fountain
D:11:     layout_rooms, nicolae_elevator_lobby_asterisk
D:12:     layout_basic, uniq_rupert
D:13:     layout_loops_ring, david_vaults_3, serial_glass, glass_columns_a,
          glass_columns_c, maelrawn_ghost_gauntlet_escape,
          nicolae_shop_overcharged_wands
Temple:   chequers_temple_sunken
Lair:1:   layout_small_grid, ebering_ghost_xom, grunt_megastairs_4
Lair:2:   layout_cellular_growth, gammafunk_ghost_icy,
          chequers_serial_rivers_micro_b, minmay_lindwurm_lava
Lair:3:   layout_cave_pods, minmay_swamp_entry_swarm,
          minmay_snake_entry_guardpost_small, nicolae_volcano_entry_vermiform,
          grunt_forest_stairs_clearing, infiniplex_staircase_pool_2
Lair:4:   layout_misc_corridors, serial_bayou_shore_b, infiniplex_staircase_pool
Lair:5:   gammafunk_lair_ancient_temple, layout_regular_city, slime_entry_1
Swamp:1:  layout_basic_swamp, hangedman_swamp_cone, uniq_aizul
Swamp:2:  layout_basic_swamp, evilmike_swamp_ruin_house_3
Swamp:3:  nicolae_swamp_secret_spriggan_hideout, layout_basic_swamp,
          evilmike_swamp_ruin_rubble_1, uniq_jorgrun
Swamp:4:  swamp_fiery, layout_basic_swamp, portal_ice_cave_entry_ice_statue_one
Snake:1:  layout_concentric_octagons, serial_bayou_shore_b, uniq_frances,
          uniq_asterion, uniq_mlioglotl, uniq_nikola
Snake:2:  layout_gridlike, minmay_shoptagon
Snake:3:  layout_chambers, nicolae_snake_gridmaze_spiral,
          nicolae_fountain_basement, uniq_kirke
Snake:4:  grunt_snake_rune_serpentine_throne, layout_cave_town, uniq_vashnia
Slime:1:  layout_caves
Slime:2:  cheibrodos_slime_lost_civilization_9, layout_caves
Slime:3:  layout_caves
Slime:4:  layout_caves
Slime:5
Orc:1:    layout_caves
Orc:2:    grunt_orc_cross, layout_diamond_mine, serial_shops, shop, basic_altar
Elf:1:    layout_gridlike, orc_legates, nicolae_elf_big_sculpture_1,
          hangedman_decor_cross_pass
Elf:2:    nicolae_elf_blades_crystal_corner, layout_rooms, serial_shops,
          nicolae_shop_waterfront, nicolae_elf_altarnating
Elf:3:    minmay_elf_hall_x, layout_geoelf_diagonals, uniq_saint_roka

Skill      XL: |  1  2  3  4  5  6  7  8  9 10 11 12 13 14 15 16 17 18 19 20 |
---------------+-------------------------------------------------------------+-----
Spellcasting   | 4 5 8 11 15 17 18 20 | 20.0
Ice Magic      | 5 6 8 11 12 13 | 13.0
Conjurations   | 1 3 4 6 10 12 13 | 13.5
Earth Magic    | 4 |  4.0
Translocations | 4 |  4.0
Fighting       | 1 6 9 11 12 14 15 16 | 16.0
Dodging        | 3 7 9 11 | 11.6
Armour         | 1 4 6 9 10 | 10.0
Transmutations | 2 4 |  4.0
Shields        | 6 9 10 | 10.0
Hexes          | 4 |  4.0
Fire Magic     | 4 10 15 17 | 17.6
Stealth        | |  2.4
Air Magic      | |  0.7
Poison Magic   | |  0.8

Action                   |  1- 3 |  4- 6 |  7- 9 | 10-12 | 13-15 | 16-18 | 19-21 || total
-------------------------+-------+-------+-------+-------+-------+-------+-------++-------
Melee: Dagger            |     3 |       |       |       |       |       |       ||     3
       Mace              |       |   119 |     5 |       |       |       |       ||   124
       Flail             |       |       |    41 |     6 |    60 |    19 |     2 ||   128
       Staff             |       |       |    14 |     3 |     4 |     1 |     1 ||    23
       Punch             |       |       |     1 |       |       |       |       ||     1
Throw: Stone             |     4 |     6 |     5 |       |       |       |       ||    15
       Boomerang         |       |     1 |     6 |     2 |       |       |       ||     9
       Javelin           |       |       |       |     2 |       |       |       ||     2
       Dart              |       |       |       |       |     1 |       |       ||     1
 Cast: Freeze            |    45 |    42 |    49 |    19 |     9 |       |       ||   164
       Frozen Ramparts   |     2 |    15 |    18 |     6 |    22 |     1 |       ||    64
       Ozocubu's Armour  |     1 |    17 |    15 |     1 |     3 |     3 |     1 ||    41
       Hailstorm         |       |       |    40 |    45 |    23 |     2 |       ||   110
       Stone Arrow       |       |       |    50 |   210 |   489 |   461 |   105 ||  1315
       Poisonous Vapours |       |       |       |     1 |       |     1 |     3 ||     5
       Flame Wave        |       |       |       |    13 |    10 |    31 |       ||    54
       Irradiate         |       |       |       |       |     4 |       |     3 ||     7
       Ozocubu's Refrige |       |       |       |       |   106 |   245 |   296 ||   647
       Blink             |       |       |       |       |     4 |     5 |     2 ||    11
       Yara's Violent Un |       |       |       |       |     9 |    27 |    18 ||    54
       Orb of Destructio |       |       |       |       |       |     7 |       ||     7
       Starburst         |       |       |       |       |       |     6 |     6 ||    12
       Iskenderun's Myst |       |       |       |       |       |     1 |     8 ||     9
       Ignition          |       |       |       |       |       |       |     7 ||     7
Evoke: Wand              |       |       |       |       |     2 |     2 |       ||     4
  Use: Scroll            |       |     6 |     4 |    11 |    11 |     5 |     2 ||    39
       Potion            |       |     1 |       |     2 |     2 |     6 |     2 ||    13
 Stab: Distracted        |     1 |       |       |       |       |       |       ||     1
       Sleeping          |     1 |     6 |     5 |       |       |       |       ||    12
       Paralysed         |       |       |       |       |     4 |       |       ||     4
Armor: Robe              |     7 |    93 |    11 |       |       |       |       ||   111
       Steam dragon scal |       |       |    34 |     2 |       |       |       ||    36
       Ring mail         |       |       |       |    27 |   152 |   111 |    67 ||   357
Dodge: Dodged            |    22 |   120 |    63 |    38 |   240 |    94 |    54 ||   631
Block: Kite shield       |       |       |       |       |    45 |   142 |    65 ||   252
